 Dungeon Crawl Stone Soup version 0.31.0-7-gf635a9b802 (webtiles) character file.

Game seed: 2638682388127931893

43 monsoonserge the Ruffian (level 3, -2/46 HPs)
             Began as a Naga Shapeshifter on Jan 24, 2024.
             Was an Initiate of Gozag.
             Slain by a ribbon worm (6 damage)
             ... on level 2 of the Dungeon.
             The game lasted 00:07:31 (1215 turns).

monsoonserge the Ruffian (Naga Shapeshifter)        Turns: 1215, Time: 00:07:31

Health: -2/46      AC:  2    Str: 18    XL:     3   Next: 58%
Magic:  3/3        EV: 10    Int: 10    God:    Gozag
Gold:   129        SH:  0    Dex: 10    Spells: 2/2 levels left

rFire   . .          .
                       - Unarmed
rCold   . . .        (no shield)
rNeg    . . .        a - +0 animal skin
rPois   +            (helmet currently unavailable)
rElec   .            (cloak currently unavailable)
rCorr   .            (gloves currently unavailable)
SInv    +            (no barding)
Will    +....        (no amulet) Stlth
                     j - ring of willpower
HPRegen 0.27/turn    (no ring)
MPRegen 0.08/turn

%: no passive effects
@: berserking, short of breath, beast-form, gold aura, quick
A: beast (slay +1), AC +1, large, see invisible, deformed body, poison
resistance, slowness 2, spit poison 1, naga tail 1
a: Spit Poison, Begin Untransformation, Renounce Religion, Potion Petition, Call
Merchant, Bribe Branch


You were on level 2 of the Dungeon.
You worshipped Gozag.
Gozag was aware of your devotion.
You were a hulking beast.
You visited 1 branch of the dungeon, and saw 2 of its levels.

You collected 158 gold pieces.
You paid 29 gold pieces to Gozag.

Inventory:

Armour
 a - a +0 animal skin (worn)
 g - a +0 ring mail
Jewellery
 j - a ring of willpower (left hand)
Talismans
 c - a beast talisman
 d - a flux talisman
Scrolls
 e - 2 scrolls of revelation {unknown}
 f - a scroll of torment {unknown}
 h - 2 scrolls of identify {unknown}
 l - a scroll of teleportation {unknown}
 m - a scroll of poison {unknown}
 o - a scroll of blinking {unknown}
 q - a scroll of fear {unknown}
Potions
 b - a potion of lignification
 i - a potion of resistance {unknown}
 n - a potion of invisibility {unknown}


   Skills:
 + Level 1.6 Fighting
 + Level 2.0 Dodging
 * Level 3.6 Unarmed Combat
 + Level 3.2 Shapeshifting


You had 2 spell levels left.
You didn't know any spells.
Your spell library was empty.

Dungeon Overview and Level Annotations

Branches:
Dungeon (2/15)

Altars:
Gozag

Shops:
D:2 :


Innate Abilities, Weirdness & Mutations

You are a hulking beast.
Your limbs bulge with bestial killing power. (Slay +1)
Your serpentine skin is tough. (AC +1)
You have supernaturally acute eyesight. (SInv)
Armour fits poorly on your strangely shaped body.
Your system is resistant to poisons. (rPois)
You cover ground very slowly.
You can spit poison.
You have a snake-like lower body.


Message History

The ribbon worm bites you.
Your Dodging skill increases to level 2!
The web tears apart.
The ribbon worm bites you.
* * * LOW HITPOINT WARNING * * *
The ribbon worm expels a string of sticky webbing.
The stream of webbing hits you but does no damage.
You are caught in a web!
There is a web here.
The web tears apart.
Aiming: Spit Poison (2% risk of failure)
Press: ? - help, Shift-Dir - straight line, f - goblin
Aim: a goblin, wielding a +0 club (50% to hit)
The splash of poison hits the goblin!
The goblin is poisoned.
You kill the goblin!
Unknown command.
The ribbon worm attacks as it pursues you!
The ribbon worm barely misses you.
You have got your breath back.
The ribbon worm expels a string of sticky webbing.
The stream of webbing hits you but does no damage.
You are caught in a web!
There is a web here.
You struggle to detach yourself from the web.
The web tears apart.
The ribbon worm bites you.
* * * LOW HITPOINT WARNING * * *
The ribbon worm attacks as it pursues you!
The ribbon worm bites you.
* * * LOW HITPOINT WARNING * * *
Aiming: Spit Poison (2% risk of failure)
Press: ? - help, Shift-Dir - straight line, f - ribbon worm
Aim: a ribbon worm (catching its breath, 86% to hit)
The splash of poison hits the ribbon worm!
The ribbon worm is heavily wounded.
The ribbon worm closely misses you.
Okay, then.
It was a potion of berserk rage.
A red film seems to cover your vision as you go berserk!
You feel yourself moving faster!
You feel mighty! The ribbon worm bites you.
You die...
Your body crumbles into a pile of gold.

#.......................)......#
########.....##.......#######..#
###.#########.......#####...##
###...# #.####..#.....###
....### ###.# #.#..#######
..###########...# ##.#.###.....
..............### #..#.##..>...
.#########....#####.##.#.......
####.......##...hw.....$.......
.......<............$...$......
.....#########........##.......
.###....####.......#### .......
..#####......###......###......
#.##.....###.##..####..# #.....
#....###.###.#..## ##.########
......##.#...#.## #......#
#####......###.# ######.#


You could see a ribbon worm.

Vanquished Creatures
  2 adders (D:2)
  A dart slug (D:2)
  3 endoplasms
  2 giant cockroaches
  3 goblins
  2 quokkas (D:1)
  4 ball pythons (D:2)
  3 kobolds
  2 rats
  A spectral goblin (D:1)
23 creatures vanquished.

Notes
Turn   | Place    | Note
-------+----------+-------------------------------------------
     0 | D:1      | monsoonserge the Naga Shapeshifter began the quest for the
                  | Orb.
     0 | D:1      | Reached XP level 1. HP: 18/18 MP: 1/1
   154 | D:1      | Found a faded altar of an unknown god.
   305 | D:1      | Reached XP level 2. HP: 25/25 MP: 2/2
   585 | D:2      | Found an opulent altar of Gozag.
   591 | D:2      | Became a worshipper of Gozag Ym Sagoz the Greedy
   737 | D:2      | Reached XP level 3. HP: 8/31 MP: 3/3
  1024 | D:2      | Found Bicvel's Book Shop.
  1215 | D:2      | Slain by a ribbon worm

Illustrated notes

Levels and vault maps discovered:
D:1:      nzn_arrival_water_spiral, layout_rooms,
          dreamdust_ecumenical_altar_drowned_temple, hex_intersection,
          grunt_decor_cap
D:2:      layout_rooms, basic_altar, serial_shops, shop, grunt_decor_fettered,
          minmay_misc_feat_diagonals

Skill      XL: |  1  2  3 |
---------------+----------+-----
Dodging        | 2 |  2.0
Fighting       | |  1.6
Unarmed Combat | |  3.6
Shapeshifting  | |  3.2

Action                     || total
---------------------------++-------
  Melee: Unarmed           ||    63
Ability: Spit Poison       ||     6
    Use: Potion            ||     3
   Stab: Sleeping          ||     1
 Armour: Animal skin       ||    44
  Dodge: Dodged            ||    39
